 Dungeon Crawl Stone Soup version 0.29.1-2-gbd0b4ee654 (webtiles) character file.

Game seed: 14431508327501298576

49 DildoBatman the Conjurer (level 4, 0/30 HPs)
             Began as a Formicid Conjurer on Nov 10, 2022.
             Constricted to death by a ball python (1 damage)
             ... on level 4 of the Dungeon.
             The game lasted 00:03:29 (1339 turns).

DildoBatman the Conjurer (Formicid Conjurer)        Turns: 1339, Time: 00:03:30

Health: 0/30       AC:  2    Str: 12    XL:     4   Next: 1%
Magic:  7/7        EV:  9    Int: 17    God:
Gold:   80         SH:  0    Dex: 14    Spells: 4/7 levels left

rFire   + . .      SeeInvis +   j - +0 dagger
rCold   . . .      Faith    .   (no shield)
rNeg    . . .      Spirit   .   a - +0 robe
rPois   .          Reflect  .   (helmet unavailable)
rElec   .          Harm     .   n - scarf {shadows}
rCorr   .          Rampage  .   (no gloves)
Will    .....                   (no boots)
Stlth   ++........              g - amulet of the acrobat
HPRegen 0.10/turn               p - ring of protection from fire
MPRegen 0.10/turn               (no ring)

@: constricted
A: permanent stasis, dig shafts and tunnels, antennae 3, four strong arms
a: Dig, Shaft Self


You were on level 4 of the Dungeon.
You visited 1 branch of the dungeon, and saw 3 of its levels.

You collected 80 gold pieces.

Inventory:

Hand Weapons
 j - a +0 dagger (weapon)
Missiles
 e - 18 stones (quivered)
 o - 3 poisoned darts
Armour
 a - a +0 robe (worn)
 n - a scarf of shadows (worn)
Jewellery
 g - an amulet of the acrobat (around neck)
 p - a ring of protection from fire (left hand)
Scrolls
 c - a scroll of butterflies {unknown}
 d - a scroll of enchant weapon {unknown}
 f - 2 scrolls of identify {unknown}
 k - a scroll of blinking {unknown}
 l - 2 scrolls of immolation {unknown}
 m - a scroll of brand weapon {unknown}
 r - a scroll of vulnerability {unknown}
Potions
 b - a potion of magic
 h - 2 potions of attraction {unknown}
 i - a potion of might {unknown}
 q - a potion of invisibility {unknown}


   Skills:
 - Level 1.7 Dodging
 - Level 2.4 Stealth
 - Level 2.1 Spellcasting
 * Level 4.8 Conjurations


You had 4 spell levels left.
You knew the following spells:

 Your Spells              Type           Power      Damage    Failure   Level
a - Searing Ray           Conj           36%        2d5       3%          2
c - Magic Dart            Conj           72%        1d6       2%          1

Your spell library contained the following spells:

 Spells                   Type           Power      Damage    Failure   Level
 Dazzling Flash           Conj/Hex       20%        N/A       22%         3
 Fulminant Prism          Conj/Hex       5%         3d7       56%         4
 Iskenderun's Mystic Bla  Conj/Tloc      10%        2d4       56%         4


Dungeon Overview and Level Annotations

Branches:
Dungeon (4/15)
 Temple: D:4-7

Altars:

Shops:
D:1 (

Annotations:
D:2 Jessica


Innate Abilities, Weirdness & Mutations

You cannot be hasted, slowed, berserked, paralysed or teleported.
You can dig through walls and to a lower floor.
You have a pair of large antennae on your head. (SInv)
Your four strong arms can wield two-handed weapons with a shield.


Message History

The ball python constricts you. What are your orders? t - Shout!
Orders for allies: a - Attack new target. r - Retreat! s - Stop attacking. g - Guard the area. f - Follow me.
Anything else - Cancel.
You shout for attention!
The ball python bites you but does no damage.
The ball python constricts you. What are your orders? t - Shout!
Orders for allies: a - Attack new target. r - Retreat! s - Stop attacking. g - Guard the area. f - Follow me.
Anything else - Cancel.
You shout for attention!
The ball python closely misses you. The ball python constricts you.
The ball python barely misses you. The ball python constricts you.
What are your orders? t - Shout!
Orders for allies: a - Attack new target. r - Retreat! s - Stop attacking. g - Guard the area. f - Follow me.
Anything else - Cancel.
You shout for attention!
The ball python closely misses you. The ball python constricts you.
What are your orders? t - Shout!
Orders for allies: a - Attack new target. r - Retreat! s - Stop attacking. g - Guard the area. f - Follow me.
Anything else - Cancel.
You shout for attention!
The ball python bites you. The ball python constricts you.
You die...

###..# ......
..#..# ....>#
##.....#
#S..[..#
#@......
.......#..(#.
.......# ....
......## #..
.....# #
.#..# ###


You could see a ball python.

Vanquished Creatures
  4 dart slugs
  3 endoplasms
  3 goblins
  3 hobgoblins
  2 jackals (D:2)
  A quokka (D:1)
  5 ball pythons (D:1)
  5 bats (D:1)
  3 frilled lizards
  7 kobolds
  3 rats (D:1)
39 creatures vanquished.

Vanquished Creatures (others)
  An endoplasm (D:2)
  11 plants (D:2)
12 creatures vanquished.

Grand Total: 51 creatures vanquished

Notes
Turn   | Place    | Note
-------+----------+-------------------------------------------
     0 | D:1      | DildoBatman the Formicid Conjurer began the quest for the
                  | Orb.
     0 | D:1      | Reached XP level 1. HP: 13/13 MP: 3/3
   138 | D:1      | Found Popacej's Antique Weapon Shop.
   216 | D:1      | Reached XP level 2. HP: 17/19 MP: 1/5
   219 | D:1      | Learned a level 2 spell: Searing Ray
   237 | D:1      | Reached skill level 4 in Conjurations
   433 | D:1      | Reached XP level 3. HP: 8/24 MP: 1/6
   646 | D:1      | Found a faded altar of an unknown god.
   962 | D:2      | Noticed Jessica
  1300 | D:2      | Reached XP level 4. HP: 30/30 MP: 3/7
  1302 | D:2      | You fall into a shaft and drop 2 floors!
  1339 | D:4      | HP: 1/30 [ball python (3)]
  1339 | D:4      | Constricted to death by a ball python

Illustrated notes

Levels and vault maps discovered:
D:1:      minmay_arrival_solitary_statue, layout_rooms,
          chequers_ecumenical_altar_grove, serial_shops, shop_fountains,
          st_stairs_1, minmay_statues_item, minmay_box_of_dots
D:2:      layout_loops_ring, lexackson_kobold_supper, uniq_jessica
D:4:      layout_cave_pools, serial_shops, shop

Skill      XL: |  1  2 |
---------------+-------+-----
Conjurations   | 4 |  4.8
Dodging        | |  1.7
Stealth        | |  2.4
Spellcasting   | |  2.1

Action                   |  1- 3 |  4- 6 || total
-------------------------+-------+-------++-------
Melee: Unarmed           |    13 |       ||    13
       Dagger            |    25 |       ||    25
       Punch             |     1 |       ||     1
Throw: Stone             |     1 |       ||     1
 Cast: Magic Dart        |    50 |       ||    50
       Searing Ray       |     4 |       ||     4
 Abil: Dig               |     1 |       ||     1
       Shaft Self        |       |     1 ||     1
 Stab: Sleeping          |     2 |       ||     2
Armor: Robe              |    18 |     8 ||    26
Dodge: Dodged            |    38 |    19 ||    57
